 Dungeon Crawl Stone Soup version bcrawl-1.15.1 (webtiles) character file.

Game seed: 5044245358490101625

2772 Chiseanne the Slasher (level 9, -10/67 HPs)
             Began as a Demonspawn Archaeologist on Sept 27, 2019.
             Was a Follower of Makhleb.
             Mangled by an orc knight
             ... wielding a +0 trident
              (15 damage)
             ... in a bailey.
             The game lasted 00:18:49 (7057 turns).

Chiseanne the Slasher (Demonspawn Archaeologist)    Turns: 7057, Time: 00:18:50

Health: -10/67     AC: 13    Str: 13    XL:     9   Next: 42%
Magic:  0/9        EV: 12    Int: 15    God:    Makhleb [*.....]
Gold:   426        SH:  8    Dex: 16    Spells: 8/8 levels left

rFire    + . .     SeeInvis .   a - +8 demon blade "Leech" {vamp, rN+ AC-3 EV-3}
rCold    . . .     Gourm    +   w - +0 buckler {AC+3}
rNeg     + . .     Faith    .   r - +2 leather armour {rF+}
rPois    .         Spirit   +   n - +0 helmet
rElec    .         Reflect  .   C - +0 cloak
rCorr    .         Harm     .   q - +2 pair of gloves
MR       .....                  d - +1 pair of boots
Stlth    ++........             c - amulet of the gourmand
HPRegen  0.21/turn              (no ring)
MPRegen  0.11/turn              (no ring)

@: sluggish, very slow
A: talons 1, agile 1, high mp 1, powered by death 2, evolution 1, magic shield,
no potion heal 1
a: Renounce Religion


You were in a bailey.
You worshipped Makhleb.
Makhleb was aware of your devotion.
You were completely stuffed.

You visited 2 branches of the dungeon, and saw 9 of its levels.
You also visited: Bailey.

You collected 598 gold pieces.
You spent 172 gold pieces at shops.

Inventory:

Hand Weapons
 a - the +8 demon blade "Leech" (weapon) {vamp, rN+ AC-3 EV-3}

   It inflicts no extra harm, but heals its wielder when it wounds a living foe.
   It affects your AC (-3).
   It affects your evasion (-3).
   It protects you from negative energy.
Missiles
 i - 134 tomahawks (quivered)
 l - 2052 stones
 o - 130 poisoned needles
 p - 305 bolts
 t - 317 sling bullets
Armour
 d - a +1 pair of boots (worn)
 n - a +0 helmet (worn)
 q - a +2 pair of gloves (worn)
 r - a +2 leather armour of fire resistance (worn)
 w - a +0 buckler of protection (worn)
 C - a +0 cloak (worn)
 E - a +2 ring mail of poison resistance
Magical Staves
 B - an uncursed staff of power {unknown}
Jewellery
 c - an amulet of the gourmand (around neck)
 j - a cursed -5 ring of intelligence {unknown}
 x - an uncursed ring of wizardry {unknown}
Wands
 h - a wand of iceblast (1)
Scrolls
 b - 5 scrolls of teleportation
 f - 2 scrolls of immolation
 y - a scroll of blinking
 z - a scroll of enchant weapon
 A - a scroll of enchant armour {unknown}
Potions
 e - a potion of heal wounds
 k - a potion of mutation
 m - 3 potions of curing
 s - 4 potions of might
 u - 2 potions of lignification
 v - 4 potions of flight
Comestibles
 g - 13 rations {!d}
 D - 6 chunks of flesh


   Skills:
 * Level 4.8 Fighting
 * Level 7.6 Long Blades
   Level 0.8 Maces & Flails
 * Level 4.1 Armour
 * Level 5.1 Dodging
 - Level 3.0 Stealth
 - Level 6.5 Shields


You had 8 spell levels left.
You didn't know any spells.
Your spell library was empty.

Dungeon Overview and Level Annotations

Branches:
Dungeon (8/12)             Temple (1/1) D:6            Lair (0/6) D:8
    Orc: D:8-11

Altars:
Ashenzari
Cheibriados
Makhleb
Nemelex Xobeh
Qazlal
Ru
Sif Muna
Trog
Vehumet
Wu Jian

Shops:
D:4 (   D:6 [

Annotations:
D:2 Terence


Innate Abilities, Weirdness & Mutations

You have sharp toenails.
You regenerate health from kills.
When hurt, damage is shared between your health and your magic reserves.
You are agile. (Dex +2)
You have an increased reservoir of magic. (+10% MP)
You evolve.
Potions are less effective at restoring your health.


Message History

The orc knight hits you with a +0 trident!
The orc warrior shoots a bolt.
The bolt hits you!
The orc knight roars a battlecry!
The orc goes into a battle-frenzy!
The orc knight hits you but does no damage.
The orc knight misses you.
There is an empty arch of ancient stone here.
There is a gate leading back out of this place here.
The orc knight hits you but does no damage.
You hit the orc knight but do no damage.
The orc knight hits you but does no damage.
You closely miss the orc knight.
The orc knight hits you with a +0 trident!!!
Ouch! That really hurt!
* * * LOW HITPOINT WARNING * * *
Okay, then.
The orc knight hits you from afar with a +0 trident!
* * * LOW HITPOINT WARNING * * *
The orc knight hits you from afar with a +0 trident!
You die...

### ##@## ######
#.∩.##.o...#
≈..#.o)#..≈≈≈..
≈o≈≈.......≈≈o≈≈.
.oo≈.......≈oo.≈.
≈o≈≈.......≈≈o≈≈.
≈≈≈..#...#..≈≈≈..
....##...##.....#
#### ##∩## ######


You could see an orc knight.

Vanquished Creatures
  A troll (D:7)
  A hippogriff (D:7)
  A wraith (D:7)
  5 yaks (D:7)
  Edmund (D:5)
  An orc warrior (Bailey)
  2 phantoms
  An ice beast (D:5)
  A crocodile (D:6)
  A scorpion (D:6)
  4 crimson imps
  A centaur zombie (D:5)
  A hound (D:6)
  An orc priest (D:4)
  A jelly (D:6)
  A bullfrog skeleton (D:7)
  7 orc wizards
  4 iguanas
  A worker ant (D:7)
  Robin (D:1)
  4 gnolls (D:3)
  10 adders
  A shadow imp (D:6)
  3 oozes
  An adder skeleton (D:5)
  An adder zombie (D:6)
  5 worms
  6 dart slugs
  4 leopard geckos
  23 orcs
  2 giant cockroaches
  17 goblins
  19 hobgoblins
  13 jackals
  6 kobolds
  A quokka (D:3)
  2 ball pythons (D:3)
  6 bats
  4 frilled lizards
  2 jackal zombies (D:6)
  10 rats
177 creatures vanquished.

Notes
Turn   | Place    | Note
-------+----------+-------------------------------------------
     0 | D:1      | Chiseanne the Demonspawn Archaeologist began the quest for
                  | the Orb.
     0 | D:1      | Reached XP level 1. HP: 15/15 MP: 1/1
   458 | D:1      | Gained mutation: You regenerate a little health from kills.
                  | [demonic ancestry]
   458 | D:1      | Reached XP level 2. HP: 15/21 MP: 2/2
   848 | D:1      | Reached skill level 1 in Armour
  1058 | D:2      | Noticed Robin
  1071 | D:1      | Reached XP level 3. HP: 10/27 MP: 3/3
  1234 | D:1      | Reached skill level 1 in Long Blades
  1363 | D:1      | Killed Robin
  1363 | D:1      | Reached skill level 2 in Long Blades
  1510 | D:2      | Gained mutation: You regenerate health from kills. [demonic
                  | ancestry]
  1510 | D:2      | Reached XP level 4. HP: 23/33 MP: 4/4
  1515 | D:2      | Reached skill level 3 in Long Blades
  1846 | D:2      | Reached skill level 4 in Long Blades
  1888 | D:2      | Noticed Terence
  1889 | D:2      | Gained mutation: Potions are less effective at restoring
                  | your health. [potion of mutation]
  1889 | D:2      | Gained mutation: You have an increased reservoir of magic.
                  | (+10% MP) [potion of mutation]
  1889 | D:2      | Gained mutation: You evolve. [potion of mutation]
  2345 | D:3      | Gained mutation: When hurt, damage is shared between your
                  | health and your magic reserves. [demonic ancestry]
  2345 | D:3      | Reached XP level 5. HP: 22/38 MP: 5/5
  2349 | D:3      | Reached skill level 5 in Long Blades
  2444 | D:3      | Gained mutation: You are agile. (Dex +2) [evolution]
  2876 | D:3      | Reached skill level 6 in Long Blades
  3247 | D:3      | Reached XP level 6. HP: 44/44 MP: 6/6
  3898 | D:3      | Reached skill level 1 in Shields
  4015 | D:4      | Found Litu's Antique Weapon Shop.
  4135 | D:4      | Reached XP level 7. HP: 49/51 MP: 5/7
  4382 | D:4      | Found a shattered altar of Ashenzari.
  4691 | D:5      | Entered Level 5 of the Dungeon
  4692 | D:5      | Noticed Edmund
  4706 | D:5      | Killed Edmund
  5247 | D:6      | Reached skill level 7 in Long Blades
  5302 | D:6      | Found a staircase to the Ecumenical Temple.
  5311 | Temple   | Entered the Ecumenical Temple
  5423 | Temple   | Became a worshipper of Makhleb the Destroyer
  5514 | D:6      | Found Emexkept's Armour Emporium.
  5519 | D:6      | Bought a +0 buckler of protection for 172 gold pieces
  5606 | D:6      | Gained mutation: You have sharp toenails. [demonic
                  | ancestry]
  5606 | D:6      | Reached XP level 8. HP: 57/60 MP: 8/8
  5670 | D:6      | Found a radiant altar of Vehumet.
  5803 | D:6      | Found a snail-covered altar of Cheibriados.
  6214 | D:7      | Reached skill level 5 in Shields
  6242 | D:7      | HP: 2/60 [yak (11)]
  6509 | D:7      | Noticed a troll
  6512 | D:7      | Killed a troll
  6512 | D:7      | Reached XP level 9. HP: 65/65 MP: 9/9
  6730 | D:7      | Reached skill level 5 in Dodging
  6987 | D:8      | Found Sufiasch's Food Shoppe.
  6994 | D:8      | Found an ornate altar of the Wu Jian Council.
  6994 | D:8      | Found a shimmering blue altar of Sif Muna.
  7018 | D:8      | Found a flagged portal.
  7022 | D:8      | Reached * piety under Makhleb
  7039 | Bailey   | Entered a bailey
  7039 | Bailey   | Noticed an orc knight
  7039 | Bailey   | Noticed an orc knight
  7044 | Bailey   | Noticed an orc knight
  7046 | Bailey   | Noticed an orc knight
  7057 | Bailey   | Mangled by an orc knight

Skill      XL: |  1  2  3  4  5  6  7  8  9 |
---------------+----------------------------+-----
Dodging        | 3 4 5 |  5.1
Armour         | 1 2 3 4 |  4.1
Long Blades    | 2 4 6 7 |  7.6
Fighting       | 2 3 4 |  4.8
Shields        | 1 2 6 |  6.5
Maces & Flails | |  0.8
Stealth        | |  3.0

Action                   |  1- 3 |  4- 6 |  7- 9 || total
-------------------------+-------+-------+-------++-------
Melee: Whip              |    45 |       |       ||    45
       Mace              |   120 |     4 |       ||   124
       Falchion          |       |   237 |       ||   237
       Demon blade       |       |   101 |   173 ||   274
Evoke: Wand              |       |       |     3 ||     3
  Use: Potion            |     1 |     4 |     3 ||     8
       Scroll            |       |     7 |     6 ||    13
 Stab: Sleeping          |     2 |     6 |     3 ||    11
  Eat: Chunk             |     2 |    22 |     9 ||    33
       Ration            |       |     2 |       ||     2
Armor: Ring mail         |    85 |   147 |     3 ||   235
       Robe              |     5 |       |       ||     5
       Skin              |     5 |       |       ||     5
       Leather armour    |       |       |    47 ||    47
Dodge: Dodged            |   125 |   155 |    66 ||   346
Block: Other             |       |     4 |       ||     4
       Buckler           |       |    20 |    53 ||    73
